Map: Crête de Lerilak

Players

djark

  • Race: Terran Terran
  • League: Gold

Emperor - Winner!

  • Race: Zerg Zerg
  • League: Gold

VOD

Have the link to the VOD?

Description

Time

  • Played on: Feb. 29, 2016, 3:40 p.m.
  • Length: 16:50
Show
View Real Time Build Order
Export as new Build Order

djark Terran 

Build Orders: MMM Bio 

Get SALT Encoding   

  12  0:01  SCV  
  13  0:13  SCV  
  14  0:22  Supply Depot  
  14  0:25  SCV  
  15  0:33  Refinery  
  15  0:43  SCV  
  15  0:46  Barracks  
  16  0:55  SCV  
  17  1:03  Supply Depot  
  17  1:08  SCV  
  18  1:15  Refinery  
  18  1:20  SCV  
  19  1:32  SCV  
  20  1:41  Factory  
  20  1:47  Reaper  
  21  2:09  Command Center  
  21  2:16  SCV  
  21  2:19  Marine  
  23  2:28  Factory Tech Lab  
  23  2:37  Marine  
  23  2:38  Orbital Command  
  24  2:50  Widow Mine  
  26  3:04  Supply Depot  
  26  3:07  Barracks Tech Lab  
  26  3:19  Siege Tank  
  29  3:24  Orbital Command  
  29  3:31  Barracks  
  29  3:36  SCV  
  31  3:48  SCV  
  30  4:03  Command Center  
  30  4:09  Orbital Command  
  30  4:12  Engineering Bay  
  30  4:24  Siege Tank  
  30  4:26  Marine  
  30  4:28  Barracks Tech Lab  
  34  4:42  Supply Depot  
  34  4:44  Marauder  
  36  4:48  SCV  
  36  4:49  SCV  
  38  5:01  SCV x2  
  38  5:04  Missile Turret  
  38  5:05  Marine  
  41  5:10  Widow Mine  
  43  5:18  Concussive Shells  
  43  5:19  Stimpack  
  43  5:22  SCV  
  43  5:23  Marine  
  43  5:26  Planetary Fortress  
  43  5:27  Bunker  
  45  5:32  Refinery  
  45  5:34  Hi-Sec Auto Tracking  
  45  5:39  Widow Mine  
  45  5:41  SCV x2  
  49  5:53  SCV  
  49  5:55  SCV  
  51  6:06  SCV  
  51  6:07  Widow Mine, SCV  
  51  6:11  Missile Turret  
  55  6:13  Combat Shields  
  55  6:14  Missile Turret  
  55  6:15  Marine  
  55  6:18  SCV  
  57  6:19  SCV  
  58  6:27  SCV  
  58  6:30  Missile Turret, SCV  
  58  6:31  SCV  
  61  6:36  Missile Turret, Widow Mine  
  61  6:37  Missile Turret  
  63  6:42  Missile Turret  
  63  6:43  Terran Infantry Weapons Level 1  
  63  6:50  Missile Turret  
  63  6:58  Missile Turret  
  63  7:01  SCV x2  
  63  7:02  Missile Turret, SCV  
  63  7:04  Widow Mine  
  68  7:10  Refinery  
  68  7:13  SCV  
  69  7:15  SCV  
  69  7:16  SCV  
  69  7:19  Refinery  
  69  7:21  Refinery  
  69  7:22  Missile Turret  
  71  7:25  SCV  
  71  7:27  SCV  
  71  7:28  SCV  
  74  7:33  Missile Turret  
  74  7:35  Starport  
  74  7:38  SCV  
  75  7:47  Starport  
  75  7:53  Starport  
  75  7:54  Armory  
  75  8:08  Widow Mine  
  77  8:14  Starport  
  77  8:17  Supply Depot  
  77  8:30  Starport Tech Lab x2  
  77  8:31  Starport Tech Lab  
  77  8:37  Terran Infantry Armor Level 1  
  77  8:38  Widow Mine  
  77  8:39  Marine  
  80  8:41  Supply Depot  
  80  8:42  Missile Turret  
  80  8:49  Missile Turret  
  80  8:52  Terran Ship Weapons Level 1  
  80  8:56  Raven, Marine  
  80  8:57  Starport Tech Lab  
  80  8:58  Raven  
  85  9:02  Viking  
  85  9:04  Supply Depot  
  85  9:07  Supply Depot  
  85  9:08  Supply Depot  
  86  9:10  Supply Depot  
  86  9:14  Marine  
  86  9:15  Missile Turret  
  87  9:24  Liberator  
  84  9:27  Supply Depot  
  84  9:29  Viking  
  85  9:32  Viking, Marine  
  88  9:39  Viking  
  88  9:42  Liberator  
  93  9:51  Supply Depot  
  93  9:55  Missile Turret  
  93  9:56  Missile Turret  
  93  9:58  Thor  
  102  10:02  Medivac, Marine  
  105  10:09  Viking  
  107  10:14  Supply Depot  
  107  10:18  Missile Turret  
  107  10:19  Marine  
  107  10:20  Missile Turret  
  102  10:36  Raven  
  102  10:37  Marine  
  102  10:38  Command Center  
  105  10:43  SCV x3  
  108  10:55  Marine, SCV x3  
  112  11:03  Raven  
  114  11:05  Barracks  
  114  11:08  Raven  
  116  11:13  Marine  
  116  11:14  Missile Turret  
  117  11:30  Medivac  
  117  11:31  Marine  
  120  11:33  Marine  
  120  11:37  Missile Turret  
  120  11:38  SCV  
  120  11:39  SCV x2  
  124  11:48  Marine  
  124  11:50  SCV  
  124  11:51  Marine, SCV  
  124  11:53  Planetary Fortress  
  124  11:54  Missile Turret  
  128  12:06  Marine  
  129  12:08  Marine  
  129  12:12  Barracks Tech Lab  
  129  12:13  Missile Turret, Thor  
  114  12:25  Marauder  
  114  12:26  Marine  
  91  12:32  Missile Turret  
  91  12:34  Marine  
  83  12:44  Marine  
  83  12:45  Marine  
  83  12:52  Marine  
  83  12:53  Missile Turret  
  79  12:59  Thor  
  79  13:01  Raven x2  
  79  13:02  Marine  
  79  13:03  Marine  
  81  13:10  Marine  
  81  13:16  Missile Turret  
  79  13:20  Marine  
  79  13:21  Medivac x2, Marine  
  85  13:28  Marine  
  85  13:34  Barracks  
  85  13:37  Barracks, Refinery, Marine  
  85  13:39  Marine  
  85  13:40  Barracks  
  85  13:45  Marine  
  85  13:55  Marine  
  85  13:57  Marine  
  87  14:03  Thor, Marine  
  87  14:04  Command Center  
  94  14:13  Marine  
  94  14:15  Marine  
  96  14:21  Marine  
  97  14:27  Medivac  
  97  14:28  Command Center  
  97  14:29  Medivac  
  101  14:31  Marauder  
  101  14:33  Marauder  
  105  14:39  Marauder  
  107  14:46  Thor  
  105  14:53  Marauder  
  105  14:54  Marauder  
  92  15:00  Marine  
  93  15:14  Marine  
  87  15:16  Marauder  
  82  15:24  Medivac  
  80  15:32  Marauder  
  82  15:37  Marauder  
  82  15:41  Barracks Tech Lab x2  
  84  15:47  Marine  
  80  15:53  Viking x2  
  63  16:05  Marine  
  62  16:17  Barracks  
  57  16:20  Barracks  
  57  16:21  Barracks  
Show
View Real Time Build Order
Export as new Build Order

Emperor Zerg - Winner!

Build Orders: Hatch First, Muta Ling Bane 

Get SALT Encoding   

  12  0:01  Drone  
  13  0:13  Overlord  
  13  0:19  Drone  
  14  0:42  Hatchery  
  13  0:49  Drone  
  14  0:50  Drone  
  14  0:54  Drone  
  16  1:00  Drone  
  17  1:11  Drone  
  18  1:21  Drone  
  19  1:25  Spawning Pool  
  19  1:28  Extractor  
  17  1:34  Drone  
  18  1:43  Drone  
  19  1:53  Overlord  
  19  1:58  Drone  
  20  2:07  Drone x2  
  22  2:12  Queen x2  
  26  2:16  Zergling x4  
  28  2:27  Metabolic Boost  
  28  2:33  Drone, Extractor  
  28  2:45  Drone x3  
  28  2:48  Queen  
  33  3:10  Drone x3  
  33  3:11  Overlord x3  
  36  3:24  Lair  
  36  3:54  Drone  
  36  3:55  Drone x4, Extractor  
  40  3:56  Overlord x2  
  40  3:57  Overlord, Extractor  
  39  4:08  Drone  
  39  4:09  Drone  
  41  4:29  Drone x8  
  49  4:36  Drone  
  49  4:37  Spire  
  49  4:39  Overseer  
  49  4:58  Queen  
  51  5:03  Hatchery  
  51  5:05  Baneling Nest  
  51  5:06  Drone x3  
  52  5:08  Drone  
  52  5:09  Drone  
  54  5:52  Zerg Flyer Weapons Level 1  
  54  5:54  Mutalisk x6  
  54  5:55  Mutalisk x4  
  54  5:57  Overlord  
  74  6:17  Drone x9  
  83  6:27  Centrifical Hooks  
  83  6:28  Zergling x6  
  86  6:44  Drone x4  
  86  6:46  Overlord x3  
  90  6:47  Overlord  
  90  6:48  Overlord  
  90  6:55  Baneling x4  
  90  6:56  Baneling x2  
  90  6:57  Overlord x3  
  90  6:58  Overlord  
  90  7:21  Zergling x22  
  90  7:22  Zergling x2  
  98  7:35  Extractor  
  97  7:39  Extractor  
  97  7:40  Evolution Chamber  
  97  7:41  Evolution Chamber  
  94  7:46  Drone  
  94  7:47  Drone x8  
  94  7:48  Roach Warren  
  102  8:12  Zerg Ground Armor Level 1  
  102  8:17  Zerg Melee Weapons Level 1  
  102  8:19  Zergling x6  
  106  8:20  Zergling x8  
  106  8:21  Zergling x8  
  113  8:37  Infestation Pit  
  112  8:56  Glial Reconstitution  
  112  8:59  Roach x7  
  112  9:00  Roach x10  
  146  9:03  Overlord x2  
  144  9:46  Hive  
  144  10:07  Queen  
  146  10:24  Hatchery  
  135  10:41  Mutalisk x7  
  135  10:42  Mutalisk x14  
  147  10:43  Mutalisk x2  
  147  10:44  Overlord x7  
  147  10:45  Overlord x4  
  147  10:49  Zerg Melee Weapons Level 2  
  177  10:50  Zerg Ground Armor Level 2  
  177  10:55  Ravager  
  178  10:58  Overlord x3  
  178  10:59  Overlord x3  
  178  11:26  Ravager  
  178  11:27  Ravager x6  
  185  11:42  Ultralisk Cavern  
  184  11:59  Extractor  
  184  12:00  Extractor  
  173  12:27  Zergling x10  
  173  12:28  Zergling x58  
  173  12:29  Zergling x4  
  106  13:05  Zergling x22  
  95  13:06  Zergling x4  
  91  13:24  Ultralisk x4  
  99  14:11  Ultralisk  
  99  14:12  Ultralisk x6  
  99  14:13  Zergling x8  
  136  14:55  Mutalisk  
  136  14:56  Mutalisk x8  
  136  14:58  Zergling x10  
  136  14:59  Zergling x16  
  133  15:47  Mutalisk x3  
  133  15:48  Mutalisk x4  
  141  15:55  Mutalisk  
  141  15:56  Zergling x2  
  141  15:57  Zergling x24  
Tags
 
Add a new tag
Caveats
  • Supply blocks, unpowered buildings, or Contaminate may cause inaccurate times.
  • Supply counts are checked every 10 seconds.